 Dungeon Crawl Stone Soup version 0.20.1-1-g8b1a95d (webtiles) character file.

21226 letownia2 the Reanimator (level 12, 108/110 HPs)
             Began as a Deep Dwarf Necromancer on Nov 5, 2017.
             Was an Initiate of Gozag.
             Quit the game on level 2 of the Lair of Beasts.
             The game lasted 00:53:07 (14076 turns).

letownia2 the Reanimator (Deep Dwarf Necromancer)  Turns: 14076, Time: 00:53:08

Health: 108/110    AC: 21    Str: 14    XL:     12   Next: 52%
Magic:  34/34      EV: 13    Int: 19    God:    Gozag
Gold:   1213       SH:  6    Dex: 13    Spells: 25/29 levels left

rFire    . . .     SeeInvis .   a - +2 dagger (venom)
rCold    . . .     Gourm    .   (no shield)
rNeg     . . .     Faith    .   A - +1 chain mail {MR+}
rPois    .         Spirit   .   m - +2 helmet
rElec    .         Reflect  +   y - +0 cloak
rCorr    .         Harm     .   O - +2 pair of gloves
MR       ++...                  H - +1 pair of boots
Stlth    ..........             Q - +6 amulet of reflection
Regen    0.0/turn               P - +5 ring of evasion
MPRegen  0.3/turn               W - ring of magical power

@: non-regenerating
A: damage resistance, heal wounds, sense surroundings 2, no regeneration
a: Heal Wounds, Potion Petition, Call Merchant, Bribe Branch, Renounce Religion


You were on level 2 of the Lair of Beasts.
You worshipped Gozag.
Gozag was most pleased with you.
You were not hungry.

You visited 4 branches of the dungeon, and saw 16 of its levels.

You collected 3470 gold pieces.
You paid 2257 gold pieces to Gozag.

Inventory:

Hand Weapons
 a - a +2 dagger of venom (weapon)
 b - a +2 dagger of holy wrath
 e - a +2 quarterstaff of chaos
 p - a +1 spear of flaming
 S - a +1 flail of protection
Missiles
 q - 82 poisoned needles
 K - a poisoned javelin (quivered)
 T - 5 javelins
Armour
 m - a +2 helmet (worn)
 y - a +0 cloak (worn)
 A - a +1 chain mail of magic resistance (worn)
 H - a +1 pair of boots (worn)
 M - a +3 chain mail
 O - a +2 pair of gloves (worn)
Magical Staves
 w - an uncursed staff of air
Jewellery
 n - an uncursed ring of protection from fire
 B - an uncursed ring of resist corrosion
 P - a +5 ring of evasion (left hand)
 Q - a +6 amulet of reflection (around neck)
 W - a ring of magical power (right hand)
Wands
 d - a wand of clouds (4/9)
 l - a wand of iceblast (1/15)
 v - a wand of iceblast (15/15)
 L - a wand of confusion (21/48)
 U - a wand of polymorph (0/24)
Scrolls
 g - a scroll of blinking
 i - 2 scrolls of teleportation
 r - 2 scrolls of enchant armour
 u - a scroll of recharging
 I - 3 scrolls of amnesia
 R - 3 scrolls of remove curse
Potions
 f - 2 potions of mutation {unknown}
 h - a potion of resistance
 j - 3 potions of flight {unknown}
 o - 3 potions of degeneration {unknown}
 s - a potion of heal wounds {unknown}
 x - 8 potions of curing {unknown}
 z - 2 potions of ambrosia
 C - 2 potions of agility
 G - 3 potions of lignification
 X - 4 potions of brilliance
Books
 Z - a book of Enchantments

   Spells                             Type                      Level
   a - Cause Fear                     Hexes                        4
   b - Yara's Violent Unravelling     Hexes/Transmutation          5
   c - Silence                        Hexes/Air                    5
   d - Deflect Missiles               Charms/Air                   6
   e - Discord                        Hexes                        8
Comestibles
 c - 15 bread rations
 t - 8 meat rations


   Skills:
 - Level 8.0 Fighting
 - Level 6.9 Armour
 - Level 3.3 Dodging
 - Level 2.4 Stealth
 - Level 9.2 Spellcasting
 + Level 14.9 Necromancy
 - Level 6.0 Evocations


You had 25 spell levels left.
You knew the following spells:

 Your Spells              Type           Power        Failure   Level  Hunger
a - Pain                  Necr           ####         1%          1    None
v - Vampiric Draining     Necr           ######....   1%          3    None


Dungeon Overview and Level Annotations

Branches:
Dungeon (12/15)            Temple (1/1) D:5            Lair (2/6) D:11
    Orc (1/2) D:12
  Swamp: Lair:2-4    Shoals: Lair:2-4     Snake: Lair:2-4    Spider: Lair:2-4

Altars:
Ashenzari
Cheibriados
Elyvilon
Gozag
Hepliaklqana
Kikubaaqudgha
Makhleb
Nemelex Xobeh
Qazlal
Ru
Sif Muna
Trog
Uskayaw
Vehumet
Xom
Zin
The Shining One

Shops:
D:7 *   D:9 =   D:12 [   Lair:2 [

Annotations:
D:3 soepske's ghost, amateur DsTm
D:10 bmj180's ghost, journeyman GrEE
D:12 Josephine; Snorg


Innate Abilities, Weirdness & Mutations

You are resistant to damage.
You can heal yourself by infusing magical energy.
You passively map the area around you.
You do not regenerate.


Message History

Fund which merchant?
Qacvuck invites you to visit its Armour Emporium.
The yak bellows!
A yak comes into view.
You currently need 1400 gold to open negotiations with a merchant.
As you read the scroll labeled UTUADE BODALI, it crumbles to dust.
You speak a Word of immense power!
It was a scroll of holy word.
A yak comes into view.
Evoke which item? (* to show all) (? for menu, Esc to quit)
Okay, then.
Put on which piece of jewellery? (? for menu, Esc to quit)
Okay, then.
Wear which item? (? for menu, Esc to quit)
Okay, then.
Unknown command.
Unknown command.
Put on which piece of jewellery? (? for menu, Esc to quit)
Okay, then.
Unknown command.
Are you sure you want to abandon this character and quit the game? (Confirm with "yes".)

** * .. #.Y..#
*.... #.Y..##
,
*....##.....#
,*....PP.Y...#
* .......Y.Y.#
* .....#?Y..#
, *
....#.....## ,
.......@∩..# ,
.........<##
,, ..........#
* , ,
............*
,
##.###P#.####
# #####


You could see 6 yaks.

Vanquished Creatures
  5 two-headed ogres
  Pikel (D:4)
  2 ugly things (D:11)
  A gargoyle (D:12)
  A spiny frog (Lair:1)
  2 komodo dragons (Lair:1)
  A kobold demonologist (D:12)
  A queen bee (D:10)
  4 trolls
  3 blink frogs (Lair:1)
  Prince Ribbit (D:6)
  Grinder (D:6)
  7 hippogriffs
  Sigmund (D:4)
  2 wraiths
  2 wyverns (D:10)
  Eustachio (D:5)
  A hungry ghost (D:12)
  10 yaks
  Grum (D:10)
  Menkaure (D:4)
  3 wargs (D:12)
  Edmund (D:6)
  An acid dragon (D:12)
  3 water moccasins
  A porcupine (Lair:1)
  3 phantoms
  7 orc warriors
  5 sky beasts
  2 black bears
  7 wolves
  4 slaves
  3 necrophages (D:10)
  9 ogres
  A crocodile (D:10)
  12 centaurs
  7 big kobolds
  A wyvern zombie (D:10)
  9 bullfrogs
  6 scorpions
  17 killer bees (D:10)
  8 howler monkeys
  A bullfrog zombie (D:10)
  2 centaur zombies
  2 crimson imps
  3 quasits
  A jelly (D:7)
  A gnoll shaman (D:10)
  7 orc priests
  Crazy Yiuf (D:4)
  4 hounds
  2 iguanas
  4 bullfrog skeletons
  11 orc wizards
  14 worker ants
  2 hound zombies
  A hound skeleton (D:9)
  5 gnolls
  A howler monkey skeleton (D:6)
  5 adders
  5 shadow imps
  3 oozes
  An adder zombie (D:5)
  An adder skeleton (D:4)
  4 worms
  2 dart slugs
  3 leopard geckos
  50 orcs
  5 giant cockroaches
  16 goblins
  16 hobgoblins
  8 jackals
  4 quokkas
  2 ball pythons
  10 bats
  3 frilled lizards
  A jackal zombie (D:9)
  18 kobolds
  4 rats
382 creatures vanquished.

Vanquished Creatures (others)
  A centaur (D:11)
  A scorpion (D:5)
2 creatures vanquished.

Grand Total: 384 creatures vanquished

Notes
Turn   | Place    | Note
-------+----------+-------------------------------------------
     0 | D:1      | letownia2 the Deep Dwarf Necromancer began the quest for the Orb.
     0 | D:1      | Reached XP level 1. HP: 15/15 MP: 3/3
   345 | D:2      | Found a white marble altar of Elyvilon.
   345 | D:2      | Found a shattered altar of Ashenzari.
   409 | D:2      | Reached XP level 2. HP: 22/22 MP: 3/5
   738 | D:4      | Noticed Menkaure
   826 | D:3      | Noticed soepske's ghost (amateur DsTm)
   998 | D:4      | Noticed an ogre
  1103 | D:4      | Reached XP level 3. HP: 14/28 MP: 3/6
  1104 | D:4      | Reached skill level 5 in Necromancy
  1111 | D:3      | Learned a level 3 spell: Vampiric Draining
  1343 | D:4      | Noticed a slave
  1419 | D:4      | Reached XP level 4. HP: 30/36 MP: 1/8
  1614 | D:4      | Noticed a centaur
  1620 | D:4      | Killed a centaur
  1620 | D:4      | Reached XP level 5. HP: 21/42 MP: 1/10
  1996 | D:4      | Reached skill level 1 in Armour
  2088 | D:4      | Reached skill level 6 in Necromancy
  2216 | D:4      | Noticed Sigmund
  2240 | D:4      | Killed Sigmund
  2240 | D:4      | Reached XP level 6. HP: 45/49 MP: 3/11
  2334 | D:4      | Found a snail-covered altar of Cheibriados.
  2338 | D:4      | Reached skill level 7 in Necromancy
  2354 | D:4      | Reached XP level 7. HP: 36/55 MP: 0/12
  2474 | D:4      | Found a runed door.
  2585 | D:5      | Entered Level 5 of the Dungeon
  2909 | D:5      | Reached skill level 8 in Necromancy
  2958 | D:5      | Noticed Eustachio
  2981 | D:5      | Killed Eustachio
  3061 | D:5      | Found a staircase to the Ecumenical Temple.
  3070 | Temple   | Entered the Ecumenical Temple
  3158 | Temple   | Became a worshipper of Gozag Ym Sagoz the Greedy
  3251 | D:5      | Reached skill level 1 in Fighting
  3490 | D:4      | Noticed Crazy Yiuf
  3493 | D:4      | Killed Crazy Yiuf
  3650 | D:4      | Killed Menkaure
  3650 | D:4      | Reached XP level 8. HP: 4/68 MP: 14/14
  4123 | D:4      | Noticed Pikel
  5645 | D:4      | Killed Pikel
  5830 | D:6      | Noticed Edmund
  5854 | D:6      | Killed Edmund
  5958 | D:6      | Noticed Grinder
  5983 | D:6      | Paralysed by Grinder for 6 turns
  5989 | D:6      | Killed Grinder
  6152 | D:6      | Gained mutation: You passively map the area around you. [Deep Dwarf growth]
  6152 | D:6      | Reached XP level 9. HP: 47/76 MP: 9/19
  6394 | D:6      | Noticed Prince Ribbit
  6403 | D:6      | Killed Prince Ribbit
  6734 | D:7      | Reached skill level 5 in Evocations
  7151 | D:8      | Found a glowing golden altar of the Shining One.
  7376 | D:8      | Noticed a two-headed ogre
  7437 | D:8      | Killed a two-headed ogre
  7552 | D:8      | Reached XP level 10. HP: 56/84 MP: 20/23
  7636 | D:8      | Found a deep blue altar of Sif Muna.
  8865 | D:9      | Reached skill level 9 in Necromancy
  9076 | D:10     | Entered Level 10 of the Dungeon
  9197 | D:10     | Noticed Grum
  9223 | D:10     | Killed Grum
  9253 | D:10     | Reached skill level 5 in Armour
  9271 | D:10     | Reached skill level 5 in Fighting
  9507 | D:10     | Noticed bmj180's ghost (journeyman GrEE)
  9618 | D:10     | Reached skill level 10 in Necromancy
  9787 | D:10     | Reached XP level 11. HP: 70/97 MP: 24/24
 10288 | D:11     | Found a staircase to the Lair.
 10409 | D:11     | Noticed Maurice
 10409 | D:11     | Noticed a two-headed ogre
 10470 | D:10     | Reached skill level 11 in Necromancy
 10517 | D:10     | Found an opulent altar of Gozag.
 10562 | D:11     | Noticed a two-headed ogre
 10685 | D:10     | Noticed Maurice
 10685 | D:10     | Maurice changed into Maurice the crocodile
 10689 | D:10     | Killed Maurice the crocodile
 10988 | D:11     | Killed a two-headed ogre
 11200 | D:11     | Killed a two-headed ogre
 11200 | D:11     | Reached skill level 12 in Necromancy
 11475 | D:11     | Noticed a cyan ugly thing
 11476 | D:11     | Noticed a white ugly thing
 11518 | D:11     | Killed a cyan ugly thing
 11531 | D:11     | Killed a purple ugly thing
 11693 | D:12     | Found a staircase to the Orcish Mines.
 11872 | D:12     | Noticed Snorg
 11961 | D:11     | Reached skill level 13 in Necromancy
 12094 | Orc:1    | Entered Level 1 of the Orcish Mines
 12094 | Orc:1    | Noticed a two-headed ogre
 12098 | Orc:1    | Killed a two-headed ogre
 12366 | D:12     | Reached XP level 12. HP: 98/109 MP: 25/25
 12477 | D:12     | Noticed Josephine
 12762 | D:12     | Found Qoejoo's Armour Boutique.
 13154 | D:12     | Noticed a two-headed ogre
 13159 | D:12     | Killed a two-headed ogre
 13213 | Lair:1   | Entered Level 1 of the Lair of Beasts
 13276 | Lair:1   | Reached skill level 14 in Necromancy
 14076 | Lair:2   | Quit the game

Skill      XL: |  1  2  3  4  5  6  7  8  9 10 11 12 |
---------------+-------------------------------------+-----
Spellcasting   | 2 3 4 6 9 |  9.2
Necromancy     | 5 6 7 8 10 13 14 | 14.9
Armour         | 3 5 6 |  6.9
Fighting       | 2 3 6 7 8 |  8.0
Evocations     | 2 6 |  6.0
Dodging        | 3 |  3.3
Stealth        | |  2.4

Action                   |  1- 3 |  4- 6 |  7- 9 | 10-12 || total
-------------------------+-------+-------+-------+-------++-------
Melee: Unarmed           |     7 |       |       |       ||     7
       Trident           |     3 |       |       |       ||     3
       Flail             |       |    20 |   171 |   208 ||   399
       Dire flail        |       |       |    25 |       ||    25
       Dagger            |       |       |    58 |   557 ||   615
       Whip              |       |       |    11 |       ||    11
       Short sword       |       |       |       |   482 ||   482
       Staff             |       |       |       |    11 ||    11
       Quarterstaff      |       |       |       |     5 ||     5
Throw: Javelin           |     5 |     4 |    11 |    24 ||    44
 Cast: Pain              |    42 |    16 |   113 |    16 ||   187
       Vampiric Draining |     4 |    17 |    74 |   252 ||   347
Invok: Call Merchant     |       |       |     1 |     2 ||     3
Evoke: Wand              |       |       |       |    15 ||    15
  Use: Scroll            |       |       |     2 |    21 ||    23
 Stab: Sleeping          |       |       |     1 |       ||     1
       Distracted        |       |       |     1 |     2 ||     3
       Confused          |       |       |       |     1 ||     1
  Eat: Chunk             |     2 |     5 |     9 |       ||    16
       Fruit             |       |       |     6 |     6 ||    12
       Meat ration       |       |       |     1 |     1 ||     2
       Royal jelly       |       |       |     2 |     9 ||    11
Armor: Leather armour    |     6 |     1 |       |       ||     7
       Ring mail         |       |    11 |    24 |       ||    35
       Scale mail        |       |       |   243 |   495 ||   738
       Chain mail        |       |       |       |   389 ||   389
Dodge: Dodged            |    23 |    21 |   179 |  1256 ||  1479
Block: Other             |       |       |     2 |   573 ||   575
       Reflection        |       |       |       |    13 ||    13
